[Event "*** SCC Grand Prix: Titled Tuesday Blitz"]
[Site "Chess.com"]
[Date "2020.09.08"]
[Round "2"]
[White "Shivagami"]
[Black "Nikithebest"]
[Result "0-1"]
[WhiteElo "2224"]
[BlackElo "2442"]
[TimeControl "180+1"]
[EndTime "10:16:48 PDT"]
[Termination "Nikithebest won by resignation"]

1. d4 Nf6 2. c4 c5 3. d5 b5 4. Qc2 g6 5. e4 d6 6. Nf3 Bg7 7. cxb5 O-O 8. Nc3 e6 9. dxe6 fxe6 10. Bf4 d5 11. Rd1 Nxe4 12. Nxe4 Rxf4 13. Nxc5 a6 14. Be2 axb5 15. a3 Qc7 16. O-O Nd7 17. Rc1 Nxc5 18. Qxc5 Qxc5 19. Rxc5 Bxb2 20. Rxb5 Bxa3 21.
Ra1 Rfa4 22. Bd1 R4a7 23. Ne1 Bd6 24. Rxa7 Rxa7 25. Rb1 e5 26. Bb3 Be6 27. Nc2 Rb7 28. Kf1 Kf7 29. Ke2 Kf6 30. Ne3 d4 0-1

[Event "*** SCC Grand Prix: Titled Tuesday Blitz"]
[Site "Chess.com"]
[Date "2020.09.08"]
[Round "2"]
[White "1977Ivan"]
[Black "Grineva_Marianna"]
[Result "1-0"]
[WhiteElo "2626"]
[BlackElo "2226"]
[TimeControl "180+1"]
[EndTime "10:16:49 PDT"]
[Termination "1977Ivan won on time"]

1. c4 g6 2. d4 Bg7 3. Nc3 d6 4. e4 Nf6 5. Nf3 O-O 6. Be2 e5 7. O-O exd4 8. Nxd4 Nc6 9. Be3 Re8 10. f3 Nh5 11. Nc2 Bd7 12. Nd5 b6 13. Qd2 Bxb2 14.
g4 Bxa1 15. Rxa1 Ng7 16. Bg5 Qc8 17. Bf6 Nd8 18. Qh6 Nde6 19. Bc3 f5 20. gxf5 gxf5 21. Kh1 fxe4 22. Rg1 1-0

[Event "*** SCC Grand Prix: Titled Tuesday Blitz"]
[Site "Chess.com"]
[Date "2020.09.08"]
[Round "2"]
[White "Volodar_Murzin"]
[Black "chessmachine14"]
[Result "0-1"]
[WhiteElo "2624"]
[BlackElo "2340"]
[TimeControl "180+1"]
[EndTime "10:16:50 PDT"]
[Termination "chessmachine14 won on time"]

1. e4 c5 2. Nf3 e6 3. d4 cxd4 4. Nxd4 Nf6 5. Bd3 d6 6. O-O Be7 7. c4 O-O 8. Nc3 b6 9. Be3 Bb7 10. Rc1 Nbd7 11. f3 a6 12. Qd2 Qc7 13. Rfd1 Rac8 14.
b3 Qb8 15. Bf1 Bd8 16. Bf2 Bc7 17. Bg3 Nh5 18. Nde2 Nxg3 19. hxg3 Ne5 20. g4 Rfd8 21. Nd4 Ng6 22. Kh1 d5 23. Qc2 b5 24. exd5 exd5 25.
Nxd5 Bxd5 26. cxd5 Bf4 27. Nc6 Bxc1 28. Qxc1 Qd6 29.
Bd3 Ne5 30. Be4 Nxc6 0-1

[Event "*** SCC Grand Prix: Titled Tuesday Blitz"]
[Site "Chess.com"]
[Date "2020.09.08"]
[Round "2"]
[White "vinniethepooh"]
[Black "Alindsay211"]
[Result "1-0"]
[WhiteElo "2648"]
[BlackElo "2320"]
[TimeControl "180+1"]
[EndTime "10:16:51 PDT"]
[Termination "vinniethepooh won on time"]

1. Nf3 Nf6 2. g3 g6 3. Bg2 Bg7 4. O-O O-O 5. c4 c6 6. b3 d5 7. Bb2 a6 8. d3 b5 9. Nbd2 Nbd7 10. Qc2 Bb7 11. e4 e6 12. a4 Rc8 13. Rfe1 bxc4 14.
bxc4 c5 15. Rab1 Bc6 16. exd5 exd5 17. cxd5 Bxd5 18. Ne4 c4 19. Nd6 Rc6 20. Nxc4 Nb6 21. Nfe5 Bxg2 22. Nxc6 Bxc6 23. Nxb6 Qd6 24. Be5 Qe6 25.
Bf4 1-0

[Event "*** SCC Grand Prix: Titled Tuesday Blitz"]
[Site "Chess.com"]
[Date "2020.09.08"]
[Round "2"]
[White "AccioChess"]
[Black "ClockworkKubrick"]
[Result "1-0"]
[WhiteElo "2405"]
[BlackElo "2151"]
[TimeControl "180+1"]
[EndTime "10:16:51 PDT"]
[Termination "AccioChess won by resignation"]

1. e4 d6 2. d4 Nf6 3. Nc3 g6 4.
Bg5 Bg7 5. Qd2 O-O 6. Bh6 c6 7. h4 Nbd7 8. h5 b5 9. hxg6 fxg6 10.
Bxg7 Kxg7 11. Qh6+ Kg8 12. Nf3 e5 13. O-O-O Qe7 14. Ng5 Nb6 15. dxe5 dxe5 16. f3 Be6 17.
Nxe6 Qxe6 18. g4 Rf7 19. g5 Nh5 20. Rxh5 b4 21. Nb1 Qxa2 22. Rh2 Na4 23. Bd3 Nxb2 24. Rdh1 Nxd3+ 25. cxd3 Qb3 26. Qxg6+ Kf8 27. Rxh7 Re8 28. Rh8+ Ke7 29. Rxe8+ Kxe8 30. Rh7 a5 31. Qxf7+ Qxf7 32. Rxf7 Kxf7 33. Nd2 Kg6 34. Nc4 a4 35. Nxe5+ Kxg5 36. Nxc6 Kf4 37. Nxb4 Kxf3 38. e5 1-0

[Event "*** SCC Grand Prix: Titled Tuesday Blitz"]
[Site "Chess.com"]
[Date "2020.09.08"]
[Round "2"]
[White "laboratorio25"]
[Black "RobertoJBM"]
[Result "0-1"]
[WhiteElo "2403"]
[BlackElo "2677"]
[TimeControl "180+1"]
[EndTime "10:16:52 PDT"]
[Termination "RobertoJBM won by resignation"]

1. e4 c6 2. d4 d5 3. Nd2 dxe4 4.
Nxe4 Nd7 5. Ng5 Ngf6 6. Bd3 e6 7. N1f3 Bd6 8. Qe2 h6 9. Ne4 Nxe4 10. Qxe4 Nf6 11. Qe2 Qc7 12. Bd2 b6 13. O-O-O Bb7 14. h3 c5 15. Kb1 O-O-O 16. Ba6 Bxa6 17. Qxa6+ Qb7 18. Qa4 b5 19. Qa5 Bc7 20. Qc3 c4 21.
Ne5 Nd5 22. Qf3 Bxe5 23. dxe5 Rd7 24. Bc1 Rhd8 25. Ka1 Nb4 26. Qxb7+ Kxb7 27. Rxd7+ Rxd7 28. Kb1 Rd5 29. Re1 Nc6 30. f4 h5 31. g4 hxg4 32.
hxg4 g6 33. Rh1 Rd7 34. Be3 Ne7 35. Bc5 Nd5 36. f5 gxf5 37. gxf5 exf5 38. Kc1 Nf4 39. Bd6 Ne6 40. Rh5 f4 41. Rf5 Kc6 42. Kd2 Kd5 43.
Ke2 Nd4+ 0-1

[Event "*** SCC Grand Prix: Titled Tuesday Blitz"]
[Site "Chess.com"]
[Date "2020.09.08"]
[Round "2"]
[White "LPSupi"]
[Black "Keithonsky"]
[Result "1-0"]
[WhiteElo "2867"]
[BlackElo "2554"]
[TimeControl "180+1"]
[EndTime "10:16:53 PDT"]
[Termination "LPSupi won by resignation"]

1. d4 d5 2. c4 e6 3. Nc3 a6 4. cxd5 exd5 5. Bf4 Be6 6. e3 Nf6 7. Bd3 Bd6 8. Nge2 c6 9. O-O Qc7 10. f3 Nbd7 11. Bxd6 Qxd6 12. e4 dxe4 13. fxe4 Ng4 14.
e5 Qe7 15. Qd2 Rd8 16. Nf4 O-O 17.
Rae1 Qb4 18. Kh1 g6 19. h3 Qxd4 20. Re4 Qb6 21. hxg4 Nc5 22. Qf2 Bxg4 23. Bc4 Nd7 24. Qh4 Bf5 25. Ree1 Nc5 26. Nh5 gxh5 27. Rxf5 Nd3 28. Qg5+ 1-0

[Event "*** SCC Grand Prix: Titled Tuesday Blitz"]
[Site "Chess.com"]
[Date "2020.09.08"]
[Round "2"]
[White "Yuwono"]
[Black "Aleksey_Sorokin"]
[Result "0-1"]
[WhiteElo "2399"]
[BlackElo "2783"]
[TimeControl "180+1"]
[EndTime "10:16:56 PDT"]
[Termination "Aleksey_Sorokin won by resignation"]

1. d4 Nf6 2. c4 g6 3. Nc3 d5 4.
cxd5 Nxd5 5. e4 Nxc3 6. bxc3 Bg7 7.
Nf3 c5 8. Be3 Qa5 9. Qd2 Nc6 10.
Rc1 cxd4 11. cxd4 Qxd2+ 12. Kxd2 O-O 13. Bb5 Rd8 14. Bxc6 bxc6 15. Rhd1 Rb8 16. Rc2 f5 17. e5 Be6 18. Rxc6 Bd5 19. Rc2 Bxf3 20. gxf3 Bxe5 21. Ke2 Bd6 22. f4 Rb5 23. Rdc1 Kf7 24. Kd3 Ra5 25. Rb1 Ra4 26. Rb3 Bxf4 27. Rc4 Rxc4 28. Kxc4 Rc8+ 29. Kd3 Bxh2 30. f4 h5 31. Rb7 h4 32. d5 h3 33. d6 Re8 34. Bxa7 Bg3 35. d7 Rd8 36. Bb6 Rxd7+ 37. Rxd7 h2 0-1

[Event "*** SCC Grand Prix: Titled Tuesday Blitz"]
[Site "Chess.com"]
[Date "2020.09.08"]
[Round "2"]
[White "jhonnyuribe"]
[Black "KaterynaLagno"]
[Result "1-0"]
[WhiteElo "2495"]
[BlackElo "2702"]
[TimeControl "180+1"]
[EndTime "10:16:57 PDT"]
[Termination "jhonnyuribe won by resignation"]

1. d4 Nf6 2. Nf3 g6 3. e3 Bg7 4.
Bd3 d5 5. Nbd2 O-O 6. O-O b6 7. c3 c5 8. e4 dxe4 9. Nxe4 Bb7 10. Qe2 cxd4 11. Nxd4 Nbd7 12. Rd1 Qc7 13. Bg5 Rad8 14. Bh4 Ne5 15. Nxf6+ exf6 16. Be4 Bxe4 17. Qxe4 f5 18. Bxd8 Rxd8 19. Nb5 Qb8 20. Rxd8+ Qxd8 21. Qe2 a6 22. Rd1 Qe7 23. Nd6 f4 24. Nc4 f3 25. Qe4 Qg5 26. g3 Nxc4 27. Qxc4 h5 28. h4 Qf5 29.
Qxa6 Be5 30. Qa8+ Kh7 31. Qd5 Qg4 32. Qxf7+ Kh6 33. Rd3 Bxg3 34. Qxf3 Bxf2+ 35. Kxf2 Qxh4+ 36. Qg3 Qf6+ 37. Rf3 Qe6 38. Qf4+ Kg7 39. Qf8+ 1-0

[Event "*** SCC Grand Prix: Titled Tuesday Blitz"]
[Site "Chess.com"]
[Date "2020.09.08"]
[Round "2"]
[White "MVM2008"]
[Black "sodastream007"]
[Result "0-1"]
[WhiteElo "2252"]
[BlackElo "2549"]
[TimeControl "180+1"]
[EndTime "10:16:58 PDT"]
[Termination "sodastream007 won on time"]

1. e4 e5 2. Nf3 Nc6 3. Bc4 Bc5 4. b4 Bxb4 5. c3 Ba5 6. d4 exd4 7. O-O d6 8. cxd4 Nf6 9. d5 Ne7 10. Bb2 O-O 11.
Nbd2 Ng6 12. Re1 Bg4 13. Bb3 Bxf3 14. gxf3 Nh4 15. Kh1 Bxd2 16. Qxd2 Nxf3 17. Qf4 Nxe1 18. Rxe1 Nd7 19. Rg1 f6 20. Qg4 Qe7 21. Bc2 Ne5 22. Qg3 Rf7 23. Bc1 Raf8 24. f4 Nd7 25. Qg2 Re8 26. Re1 f5 27. e5 dxe5 28. fxe5 Qh4 29.
e6 Qxe1+ 30. Qg1 Qa5 31. exf7+ Kxf7 32. Bxf5 Qxd5+ 0-1

[Event "*** SCC Grand Prix: Titled Tuesday Blitz"]
[Site "Chess.com"]
[Date "2020.09.08"]
[Round "2"]
[White "Infernal_XaM"]
[Black "Superfelix"]
[Result "1-0"]
[WhiteElo "2902"]
[BlackElo "2410"]
[TimeControl "180+1"]
[EndTime "10:17:00 PDT"]
[Termination "Infernal_XaM won by resignation"]

1. d4 g6 2. e4 c6 3. f4 d5 4. e5 h5 5. Nf3 Bg4 6. Nbd2 Nh6 7. h3 Bxf3 8. Nxf3 e6 9. Bd3 Nf5 10. Kf2 h4 11. c3 Be7 12. a4 c5 13. Re1 Nc6 14. Kg1 cxd4 15. Bxf5 gxf5 16. cxd4 Qb6 17. Re3 Rg8 18. Rb3 Qc7 19. Be3 b6 20. Rc3 Qd7 21.
Rac1 Rc8 22. Qc2 Bc5 23. dxc5 d4 24. Rd1 Nb4 25. Qb3 Qb7 26. Bxd4 Nd5 27. c6 Rxc6 28.
Rxc6 Qxc6 29. Qb5 Qxb5 30. axb5 Nxf4 31. Nxh4 Nxh3+ 32. Kh2 Nf4 33. g3 Ne2 34. Bf2 f4 35.
gxf4 Nxf4 36. Rd4 Nd5 37. Ra4 Rg5 38. Nf3 Rf5 39. Kg3 Nc7 40. Rxa7 Nxb5 41. Rb7 1-0

[Event "*** SCC Grand Prix: Titled Tuesday Blitz"]
[Site "Chess.com"]
[Date "2020.09.08"]
[Round "2"]
[White "northridgehawk"]
[Black "Goryachkina"]
[Result "0-1"]
[WhiteElo "2311"]
[BlackElo "2608"]
[TimeControl "180+1"]
[EndTime "10:17:01 PDT"]
[Termination "Goryachkina won by resignation"]

1. e4 e6 2. Nc3 d5 3. d4 Bb4 4. Ne2 dxe4 5. a3 Bxc3+ 6. Nxc3 Nc6 7. Bb5 Ne7 8. Nxe4 O-O 9. c3 Qd5 10. Bd3 e5 11. c4 Qxd4 12. Be3 Qd8 13. g4 Ng6 14. h4 Bxg4 15. Qxg4 Qxd3 16. h5 f5 17. Qg2 Qxe4 18. Qxe4 fxe4 19. hxg6 hxg6 20. Rg1 Rf6 21. O-O-O Rd8 22. Rxd8+ Nxd8 23. Rd1 Nc6 24. Rd7 Rf7 25. Rd5 a6 26. b4 Re7 27. b5 axb5 28. cxb5 Na5 29.
Kb2 Nc4+ 30. Kc3 Nxe3 31. fxe3 Kf7 32. Kd2 Ke6 33. Ke2 Kxd5 0-1

[Event "*** SCC Grand Prix: Titled Tuesday Blitz"]
[Site "Chess.com"]
[Date "2020.09.08"]
[Round "2"]
[White "Nayemhaque22"]
[Black "enriquebutti"]
[Result "0-1"]
[WhiteElo "2335"]
[BlackElo "1814"]
[TimeControl "180+1"]
[EndTime "10:17:03 PDT"]
[Termination "enriquebutti won by resignation"]

1. e4 c5 2. Nf3 d6 3. d4 cxd4 4. Nxd4 Nf6 5. Nc3 a6 6. h3 e6 7. g4 h6 8. Be3 g5 9. Bg2 Nbd7 10. O-O Ne5 11. a4 Bd7 12. a5 Rc8 13. Nb3 Nc4 14. Bd4 e5 15. Bb6 Nxb6 16. axb6 Qxb6 17. Na4 Qc7 18. c4 Be7 19. Qf3 h5 20. gxh5 Nxh5 21. Rfc1 Nf4 22. c5 Bxh3 23. cxd6 Bxg2 24. Qxg2 Qxc1+ 25.
Rxc1 Rxc1+ 26. Nxc1 Nxg2 27. dxe7 Nf4 28. Nc5 Kxe7 29.
b4 Rd8 30. Kh2 Rd4 31. Nxb7 Rxb4 32. Na5 Rb5 33. Nc4 Rc5 34. Nb3 Rxc4 0-1

[Event "*** SCC Grand Prix: Titled Tuesday Blitz"]
[Site "Chess.com"]
[Date "2020.09.08"]
[Round "2"]
[White "bsnsun"]
[Black "natelleka"]
[Result "1-0"]
[WhiteElo "2399"]
[BlackElo "2117"]
[TimeControl "180+1"]
[EndTime "10:17:04 PDT"]
[Termination "bsnsun won by resignation"]

1. e4 e5 2. Nf3 Nf6 3. Nxe5 Nxe4 4. Nc3 Nxc3 5. dxc3 d6 6. Nf3 Be7 7. Bd3 Nd7 8. Be3 Nf6 9. Qd2 Bg4 10. Nd4 Nd5 11. h3 Nxe3 12. Qxe3 Bd7 13. O-O-O O-O 14. h4 Re8 15. Qf3 Bf6 16. h5 c5 17. Nf5 Bc6 18. Qg3 Be5 19. f4 Bf6 20. Nxd6 Re7 21.
Nf5 Rd7 22. Nxg7 Bxg7 23. h6 f6 24. hxg7 Rxg7 25. Bxh7+ Kf7 26. Rxd8 Rxg3 27. Rxa8 Rxg2 28. Re1 1-0

[Event "*** SCC Grand Prix: Titled Tuesday Blitz"]
[Site "Chess.com"]
[Date "2020.09.08"]
[Round "2"]
[White "Harsha_Bharathakoti"]
[Black "Natalya_Buksa"]
[Result "1-0"]
[WhiteElo "2807"]
[BlackElo "2522"]
[TimeControl "180+1"]
[EndTime "10:17:05 PDT"]
[Termination "Harsha_Bharathakoti won by checkmate"]

1. c4 e6 2. Nf3 d5 3. d4 Nf6 4. Nc3 Nbd7 5. Qc2 c5 6. cxd5 Nxd5 7. Nxd5 exd5 8. g3 Bd6 9. Bg2 O-O 10. O-O c4 11. b3 cxb3 12. Qxb3 Nb6 13. Ne5 Be6 14.
Bf4 Rb8 15. Nd3 Nc4 16. Rfc1 b5 17. Bxd6 Qxd6 18. Nc5 a5 19. a3 h5 20. h4 Rfe8 21. e3 Bg4 22. Qd3 Nxe3 23. fxe3 Qxg3 24. e4 Qxd3 25. Nxd3 dxe4 26. Ne5 Rbd8 27. Nxg4 hxg4 28. Rab1 Rxd4 29. Rxb5 Ra4 30. Rb3 f5 31. Rb5 f4 32.
Rg5 f3 33. Rc7 fxg2 34. Rgxg7+ Kf8 35. Rcf7# 1-0

[Event "*** SCC Grand Prix: Titled Tuesday Blitz"]
[Site "Chess.com"]
[Date "2020.09.08"]
[Round "2"]
[White "sokidze"]
[Black "nau64"]
[Result "1-0"]
[WhiteElo "2605"]
[BlackElo "2309"]
[TimeControl "180+1"]
[EndTime "10:17:05 PDT"]
[Termination "sokidze won on time"]

1. d4 Nf6 2. g3 g6 3. Bg2 d5 4.
Nf3 Bg7 5. c4 O-O 6. O-O c5 7.
Nc3 cxd4 8. Nxd4 dxc4 9. Ndb5 Nc6 10. Be3 Qa5 11. Bf4 e5 12. Bg5 Rd8 13. Qa4 a6 14.
Qxa5 Nxa5 15. Nc7 Rb8 16. N7d5 Rd6 17. Bxf6 Bxf6 18. Ne4 Re6 19. Nexf6+ Kg7 20. Ne4 1-0

[Event "*** SCC Grand Prix: Titled Tuesday Blitz"]
[Site "Chess.com"]
[Date "2020.09.08"]
[Round "2"]
[White "tmr88"]
[Black "Xeniya2005"]
[Result "0-1"]
[WhiteElo "2069"]
[BlackElo "2387"]
[TimeControl "180+1"]
[EndTime "10:17:05 PDT"]
[Termination "Xeniya2005 won on time"]

1. e4 e6 2. d4 d5 3. Nd2 c5 4.
exd5 Qxd5 5. Ngf3 cxd4 6. Bc4 Qd6 7. O-O Nc6 8. Ne4 Qc7 9. Qe2 Be7 10. Rd1 Nf6 11. Nxd4 Nxd4 12. Rxd4 O-O 13. Bd3 Nxe4 14.
Qxe4 f5 15. Qe2 Bf6 16. Rc4 Qd6 17. Be3 b6 18. Rd1 Qe7 19. c3 Bb7 20. Bc2 g6 21.
Bf4 e5 22. Bb3 Kh8 23. Bh6 Rfe8 24. Ra4 a6 25. Kh1 b5 26. Rb4 Bc6 27. a4 Rab8 28. axb5 axb5 29. c4 Qxb4 0-1

[Event "*** SCC Grand Prix: Titled Tuesday Blitz"]
[Site "Chess.com"]
[Date "2020.09.08"]
[Round "2"]
[White "Ranindu2003"]
[Black "jefferyx"]
[Result "0-1"]
[WhiteElo "2569"]
[BlackElo "2914"]
[TimeControl "180+1"]
[EndTime "10:17:06 PDT"]
[Termination "jefferyx won by resignation"]

1. e4 c6 2. Nf3 d5 3. Nc3 Bg4 4. h3 Bxf3 5. Qxf3 e6 6. Be2 Bc5 7. O-O Nd7 8. Rd1 Bd4 9. Qf4 Qf6 10. Qxf6 Ngxf6 11. exd5 exd5 12. d3 O-O-O 13. Bf4 Rde8 14. Bf3 Ne5 15. Bxe5 Rxe5 16. Re1 Rhe8 17. Kf1 Kd7 18. Rxe5 Rxe5 19. Re1 Bxc3 20. bxc3 Kd6 21. Rxe5 Kxe5 22.
Ke2 c5 23. Ke3 d4+ 24. Kd2 b5 25.
Bc6 a6 26. a4 bxa4 27. Bxa4 Nd5 28. cxd4+ cxd4 29. Bb3 f6 30. g3 Nc3 31. f4+ Kd6 32.
Bg8 h6 33. Kc1 Ne2+ 34. Kb2 Nxg3 35. Bc4 a5 36. Ka3 Ne2 37. f5 Nc3 38. Be6 Kc5 39.
Kb3 a4+ 40. Ka3 Kb5 41. Bc4+ Ka5 42. Be6 Nb5+ 43. Ka2 Kb4 44. Kb2 Nc3 45. Bc4 a3+ 46. Ka1 Kc5 47. Be6 Kd6 48. Bc4 Ke5 0-1

[Event "*** SCC Grand Prix: Titled Tuesday Blitz"]
[Site "Chess.com"]
[Date "2020.09.08"]
[Round "2"]
[White "woodpusher52"]
[Black "Gabrielian_Artur"]
[Result "0-1"]
[WhiteElo "2474"]
[BlackElo "2691"]
[TimeControl "180+1"]
[EndTime "10:17:07 PDT"]
[Termination "Gabrielian_Artur won on time"]

1. d4 Nf6 2. c4 c5 3. Nf3 e6 4. g3 cxd4 5. Nxd4 d5 6. Bg2 e5 7. Nc2 d4 8. O-O Nc6 9. a3 a5 10. b3 Bc5 11. Bb2 O-O 12. Nd2 Bf5 13. Bxc6 bxc6 14.
b4 Be7 15. c5 Bh3 16. Re1 Qd5 17. e4 Qe6 18. f4 Rfd8 19. fxe5 Bg4 20. Qc1 Qxe5 21.
Nc4 Qe6 22. Nxd4 Rxd4 23. Bxd4 axb4 24. axb4 Rd8 25. Qe3 Qxc4 26. Be5 Qxb4 27. Rac1 h5 28. Qf4 Bxc5+ 29. Kh1 Be7 30. Rxc6 Qxe1+ 31. Kg2 Qxe4+ 32.
Qxe4 Nxe4 33. Rc7 Bd6 34. Bxd6 Rxd6 0-1

[Event "*** SCC Grand Prix: Titled Tuesday Blitz"]
[Site "Chess.com"]
[Date "2020.09.08"]
[Round "2"]
[White "Yashasd1995"]
[Black "UmarovSabir"]
[Result "1-0"]
[WhiteElo "2675"]
[BlackElo "2382"]
[TimeControl "180+1"]
[EndTime "10:17:07 PDT"]
[Termination "Yashasd1995 won on time"]

1. b3 e5 2. Bb2 Nc6 3. e3 g6 4. Bb5 Bg7 5. Nf3 Nge7 6. d4 exd4 7. Nxd4 O-O 8. O-O Nf5 9. Nxc6 bxc6 10. Bxg7 Kxg7 11.
Bd3 Qf6 12. Nd2 d5 13. c4 d4 14. Ne4 Qe5 15. exd4 Qxd4 16. Qc2 Nd6 17. Rad1 Nxe4 18.
Bxe4 Qf6 19. h3 a5 20. Rfe1 Re8 21. Qd2 a4 22. b4 a3 23. b5 Bb7 24. Bf3 Rxe1+ 25.
Rxe1 Rd8 26. Qa5 Qb2 27. bxc6 Bc8 28. Qxc7 Qd2 29. Rd1 1-0

[Event "*** SCC Grand Prix: Titled Tuesday Blitz"]
[Site "Chess.com"]
[Date "2020.09.08"]
[Round "2"]
[White "juancruzarias"]
[Black "SaraciNderim"]
[Result "1-0"]
[WhiteElo "2443"]
[BlackElo "2665"]
[TimeControl "180+1"]
[EndTime "10:17:09 PDT"]
[Termination "juancruzarias won on time"]

1. e4 c5 2. Nc3 Nc6 3. Bb5 Nd4 4.
Bc4 g6 5. Nf3 Bg7 6. Nxd4 Bxd4 7. O-O d6 8. d3 a6 9. Be3 Bxe3 10. fxe3 Nf6 11. Nd5 Nxd5 12. Bxd5 O-O 13. Qf3 Kg7 14. Qg3 e6 15. Bb3 Qe7 16. Rf2 Bd7 17. Raf1 b5 18. a3 Rac8 19. h4 c4 20. Ba2 e5 21. h5 Be6 22. d4 f6 23. c3 g5 24. Bb1 h6 25. Bc2 Qe8 26. Bd1 Rc7 27. Bg4 Bxg4 28. Qxg4 Re7 29. d5 Rb7 30. Rf5 a5 31. Qf3 Rbf7 32. Ra1 Qb8 33. Qf1 Qb6 34. Qe2 Rc7 35. Rf2 b4 36. axb4 axb4 37. Qf3 bxc3 38. bxc3 Qb3 39. Rc1 Qa3 40. Rff1 Qa4 41. Qf5 Qe8 42.
g4 Rb7 43. Rb1 Rxb1 44. Rxb1 Qf7 45. Rb6 Rd8 46. Kf2 Rd7 47. Kf3 Ra7 48. Rxd6 Ra1 49. Rd7 Rf1+ 50. Ke2 1-0

[Event "*** SCC Grand Prix: Titled Tuesday Blitz"]
[Site "Chess.com"]
[Date "2020.09.08"]
[Round "2"]
[White "StellarChessPro"]
[Black "elohunter1999"]
[Result "1-0"]
[WhiteElo "2255"]
[BlackElo "2443"]
[TimeControl "180+1"]
[EndTime "10:17:09 PDT"]
[Termination "StellarChessPro won by resignation"]

1. d4 Nf6 2. Bg5 d5 3. Bxf6 gxf6 4. e3 c5 5. dxc5 Nc6 6. Nf3 e6 7. c4 dxc4 8. Qxd8+ Nxd8 9. Bxc4 Bxc5 10. Bb5+ Ke7 11.
Nc3 a6 12. Be2 b5 13. O-O Bb7 14. Rac1 Rc8 15. Rfd1 Nc6 16. Nd5+ exd5 17. Rxc5 Ne5 18. Rdc1 Rxc5 19. Rxc5 Kd6 20. Rc1 Rb8 21. Nd4 Bc8 22. b3 Bd7 23. Kf1 Nc6 24. Ke1 Nxd4 25. exd4 a5 26.
Rc5 a4 27. Kd2 b4 28. Bd1 axb3 29. Bxb3 Bc6 30. Ra5 Ra8 31. Rxa8 Bxa8 32. Bc2 h6 33. Bd3 Bc6 34. Kc2 Ba4+ 35. Kb2 Kc6 36. Bc2 Kb5 37.
Bb3 Bxb3 38. axb3 Kc6 39. Kc2 Kd6 40. Kd2 Ke6 41. Ke3 Kf5 42. Kf3 Kg5 43. Kg3 h5 44. h4+ Kf5 45. f3 Kg6 46. Kf4 Kh6 47. Kf5 Kg7 48.
g3 1-0

[Event "*** SCC Grand Prix: Titled Tuesday Blitz"]
[Site "Chess.com"]
[Date "2020.09.08"]
[Round "2"]
[White "guillembaches"]
[Black "belisarius64"]
[Result "0-1"]
[WhiteElo "2390"]
[BlackElo "2676"]
[TimeControl "180+1"]
[EndTime "10:17:11 PDT"]
[Termination "belisarius64 won by checkmate"]

1. e4 d6 2. d4 Nf6 3. f3 e5 4. Ne2 Nbd7 5. c4 g6 6. Nbc3 Bg7 7. Be3 O-O 8. Qd2 c6 9. O-O-O exd4 10. Nxd4 Re8 11. Nb3 Re6 12. g4 a5 13. Na4 Ne5 14. Be2 b5 15. Nac5 Re8 16. cxb5 a4 17. Na1 cxb5 18. Qxd6 Qa5 19. Kb1 Nc4 20. Bxc4 bxc4 21.
g5 Nh5 22. Bd2 Qb5 23. Qd5 Qxb2# 0-1

[Event "*** SCC Grand Prix: Titled Tuesday Blitz"]
[Site "Chess.com"]
[Date "2020.09.08"]
[Round "2"]
[White "isainz"]
[Black "PowerThinking2650"]
[Result "0-1"]
[WhiteElo "2075"]
[BlackElo "2381"]
[TimeControl "180+1"]
[EndTime "10:17:12 PDT"]
[Termination "PowerThinking2650 won on time"]

1. e4 e5 2. Nf3 Nc6 3. Bc4 Nf6 4. d3 h6 5. O-O d6 6. h3 Na5 7. Bb5+ c6 8. Ba4 b5 9. Bb3 Nxb3 10. axb3 Bb7 11. Be3 c5 12. Re1 Be7 13. Nbd2 O-O 14. b4 Nd7 15. bxc5 dxc5 16. c3 a5 17. Qb3 Bc6 18. d4 exd4 19. cxd4 c4 20. Qc2 a4 21. Rad1 a3 22. bxa3 Rxa3 23. d5 Bb7 24. Nb1 Ra6 25. e5 Bc5 26. Bxc5 Nxc5 27. Nc3 b4 28. Nb5 Nd3 29. Nd6 Rxd6 30. exd6 Nxe1 31. Rxe1 Bxd5 32.
Qd2 Bxf3 0-1

[Event "*** SCC Grand Prix: Titled Tuesday Blitz"]
[Site "Chess.com"]
[Date "2020.09.08"]
[Round "2"]
[White "exoticprincess"]
[Black "Aemulus20"]
[Result "1-0"]
[WhiteElo "2880"]
[BlackElo "2560"]
[TimeControl "180+1"]
[EndTime "10:17:16 PDT"]
[Termination "exoticprincess won by resignation"]

1. e4 c5 2. Nf3 d6 3. d4 cxd4 4. Nxd4 Nf6 5. Nc3 a6 6. g3 e5 7. Nde2 Be6 8. Bg2 Nbd7 9. O-O Be7 10. h3 h5 11. f4 Qb6+ 12. Kh1 Ng4 13. Qe1 Ne3 14. Bxe3 Qxe3 15. b3 exf4 16. gxf4 Bxh3 17. Rf3 Bxg2+ 18. Kxg2 Qc5 19. Nd5 Nf6 20. Rc3 Qa7 21. Nc7+ Kd7 22. Nxa8 Rxa8 23. Ng3 g6 24. Rd1 Ng4 25.
Nf1 Rc8 26. Rxc8 Kxc8 27. Qc3+ Qc5 28. Qxc5+ dxc5 29. Kf3 Bf6 30. e5 Be7 31. Ne3 Nxe3 32. Kxe3 Kc7 33. Ke4 Kc6 34. f5 gxf5+ 35. Kxf5 h4 36. c4 b5 37. Rd3 bxc4 38. bxc4 Kb6 39. Rd7 h3 40. Rd3 Ka5 41. Rxh3 Kb4 42. Rh7 Kxc4 43. Rxf7 Bh4 44. e6 Kd3 45. Rh7 1-0

[Event "*** SCC Grand Prix: Titled Tuesday Blitz"]
[Site "Chess.com"]
[Date "2020.09.08"]
[Round "2"]
[White "bazar-wokzal"]
[Black "Chess_Dog06"]
[Result "1-0"]
[WhiteElo "2474"]
[BlackElo "2269"]
[TimeControl "180+1"]
[EndTime "10:17:16 PDT"]
[Termination "bazar-wokzal won by resignation"]

1. e4 c6 2. d4 d5 3. e5 c5 4. dxc5 e6 5. Be3 Nd7 6. Bb5 Ne7 7. Nf3 Nc6 8. Bxc6 bxc6 9. b4 Be7 10. O-O f6 11. Bd4 O-O 12. Re1 Qc7 13. Nbd2 fxe5 14.
Nxe5 Bf6 15. Ndf3 Nxe5 16. Nxe5 Bxe5 17. Rxe5 Qf7 18. Qg4 Bd7 19. Rae1 Rae8 20. h4 Qf4 21. f3 Qxg4 22. fxg4 Rf4 23. c3 Ref8 24. Rg5 g6 25. h5 e5 26. Rexe5 Rxg4 27. hxg6 hxg6 28. Re7 Bf5 1-0

[Event "*** SCC Grand Prix: Titled Tuesday Blitz"]
[Site "Chess.com"]
[Date "2020.09.08"]
[Round "2"]
[White "Bayernbk"]
[Black "Grandelicious"]
[Result "0-1"]
[WhiteElo "2519"]
[BlackElo "2799"]
[TimeControl "180+1"]
[EndTime "10:17:17 PDT"]
[Termination "Grandelicious won by resignation"]

1. e4 c5 2. c3 Nf6 3. e5 Nd5 4. d4 cxd4 5. Nf3 e6 6. cxd4 d6 7. Bd3 Nb4 8. Bc4 dxe5 9. Nxe5 N8c6 10. Nxc6 bxc6 11. O-O Be7 12. Nc3 O-O 13. a3 Nd5 14. Ne4 a5 15. Qh5 Ba6 16. Bxa6 Rxa6 17. Bg5 f6 18. Be3 Rb6 19. Rac1 Qd7 20. Rc2 Rfb8 21. Rfc1 Rxb2 22. Rxc6 Bxa3 23. h4 R2b5 24. R1c2 Nxe3 25. Rc8+ Rxc8 26. Rxc8+ Qxc8 27. Qxb5 Nd5 28. Qxa5 Qc1+ 29. Kh2 Qf4+ 30. Kg1 Qxe4 31. Qxa3 Qe1+ 32. Kh2 Qxf2 33. Qa4 Qxh4+ 34. Kg1 h5 35. Qe8+ Kh7 36. Qxe6 Qxd4+ 37. Kh1 Qa1+ 0-1

[Event "*** SCC Grand Prix: Titled Tuesday Blitz"]
[Site "Chess.com"]
[Date "2020.09.08"]
[Round "2"]
[White "Shuvalov"]
[Black "kidagent"]
[Result "1-0"]
[WhiteElo "2475"]
[BlackElo "2271"]
[TimeControl "180+1"]
[EndTime "10:17:17 PDT"]
[Termination "Shuvalov won by checkmate"]

1. Nf3 Nf6 2. c4 c6 3. g3 d5 4. Bg2 Bf5 5. cxd5 cxd5 6. Qb3 Qb6 7. Qxb6 axb6 8. Nc3 e6 9. d3 Be7 10. Nb5 O-O 11. O-O Nc6 12. Bf4 h6 13. a3 g5 14.
Bd6 Rfc8 15. Rfc1 Kf8 16. Bc7 Nd7 17. b4 Bg4 18. Nfd4 Nxd4 19. Nxd4 Bf6 20. e3 e5 21. Nb5 e4 22. d4 Be7 23. Bf1 Be6 24. Nd6 Rxc7 25.
Rxc7 Bxd6 26. Rxb7 Bxb4 27. Bb5 Ke7 28. a4 Ba5 29. Rc1 Rd8 30. Rcc7 Kd6 31. Rc6+ Ke7 32. Rcc7 Kd6 33. Kf1 f5 34. Ke2 Nf6 35. Rc6# 1-0